 Dungeon Crawl Stone Soup version 0.25-a0-785-gb22c70e859 (webtiles) character file.

Game seed: 8241959877271358542, levelgen mode: deterministic

326 kae the Ruffian (level 6, 0/47 HPs)
             Began as a Draconian Transmuter on Apr 17, 2020.
             Slain by an orc
             ... wielding a +0 flail
              (5 damage)
             ... on level 3 of the Dungeon.
             The game lasted 00:03:05 (2881 turns).

kae the Ruffian (Draconian Transmuter)              Turns: 2881, Time: 00:03:06

Health: 0/47       AC:  0    Str: 13 (15) XL:     6   Next: 24%
Magic:  11/11      EV: 14    Int: 10 (13) God:
Gold:   134        SH:  3    Dex:  8 (11) Spells: 5/11 levels left

rFire    . . .     SeeInvis .     - Unarmed
rCold    . . .     Gourm    .   (shield currently unavailable)
rNeg     . . .     Faith    .   (armour unavailable)
rPois    .         Spirit   .   (helmet currently unavailable)
rElec    .         Reflect  +   (cloak currently unavailable)
rCorr    .         Harm     .   (gloves currently unavailable)
MR       .....                  (boots currently unavailable)
Stlth    +.........             k - +3 amulet of reflection
HPRegen  0.15/turn              (ring currently unavailable)
MPRegen  0.12/turn              (ring currently unavailable)

@: lethally poisoned (0 -> -5), pig-form, very slightly contaminated, very quick
A: small, unfitting armour, AC +6
a: no special abilities


You were on level 3 of the Dungeon.
You were hungry.
You were a filthy swine.
You visited 1 branch of the dungeon, and saw 3 of its levels.

You collected 134 gold pieces.

Inventory:

Hand Weapons
 h - a +1 spear (melded)
Missiles
 a - 32 arrows
Armour
 d - a +0 pair of gloves (melded)
Jewellery
 f - a ring of protection from magic (melded)
 k - a +3 amulet of reflection (around neck)
Scrolls
 b - a scroll of fog {unknown}
 g - a scroll of teleportation
 m - a scroll of identify {unknown}
 n - a scroll of amnesia {unknown}
Potions
 l - a potion of berserk rage {unknown}
 p - a potion of lignification {unknown}
Comestibles
 c - 2 rations


   Skills:
 - Level 1.1 Fighting
 - Level 1.7 Dodging
 * Level 5.4 Unarmed Combat
 + Level 3.4 Spellcasting
 + Level 3.7 Transmutations


You had 5 spell levels left.
You knew the following spells:

 Your Spells              Type           Power        Failure   Level  Hunger
a - Beastly Appendage     Tmut           #.....       6%          1    #......
b - Sticks to Snakes      Tmut           #.......     9%          2    ###....
c - Spider Form           Tmut/Pois      #.........   36%         3    ###....

Your spell library contained the following spells:

 Spells                   Type           Power        Failure   Level  Hunger
 Ice Form                 Ice/Tmut       #.......     77%         4    #####..
 Blade Hands              Tmut           #.........   86%         5    ######.


Dungeon Overview and Level Annotations

Branches:
Dungeon (3/15)

Altars:
Fedhas
Ru


Innate Abilities, Weirdness & Mutations

((Your plain brown scales are hard. (AC +6)))
You cannot fit into any form of body armour.
((You are cold-blooded and may be slowed by cold attacks.))


Message History

You hear some strange, mumbled words.
Something tries to affect you, but you resist.
You closely miss something. The orc hits you with a +0 flail!
* * * LOW HITPOINT WARNING * * *
Something hits you.
* * * LOW HITPOINT WARNING * * *
You are more poisoned.
It was a potion of magic.
Magic courses through your body.
* * * LOW HITPOINT WARNING * * *
You feel sick. The orc misses you.
You hear some strange, mumbled words.
Something tries to affect you, but you resist.
It was a potion of degeneration.
There was something very wrong with that liquid.
You feel weakened.
You feel dopey.
You feel clumsy.
* * * LOW HITPOINT WARNING * * *
You feel sick. Something hits you.
* * * LOW HITPOINT WARNING * * *
The orc hits you with a +0 flail.
You die...

. ##. ..... .... ...[.
##..# .....# $...$. ......
...#..######......
...#..........(..........
.####......o.............##
...#......h)#### ........#
.).#..##...{...##..##.....#
+###.. ###.........##.....#
..... #...........##...#
_#... #...........###..#
#.. #####.....#.....#...<.
#.. #......####.....#.##.#
.######.# #...).#.#...
..#####.####..)..#.#.#.


You could see an orc.

Vanquished Creatures
  An ice beast (D:3)
  An ogre (D:3)
  A hound (D:2)
  4 adders
  2 shadow imps
  An ooze (D:2)
  2 dart slugs
  A leopard gecko (D:1)
  3 orcs (D:3)
  6 bats
  5 giant cockroaches
  9 goblins
  8 hobgoblins
  3 jackals (D:2)
  A quokka (D:3)
  2 ball pythons (D:1)
  7 frilled lizards
  7 kobolds
  7 rats
71 creatures vanquished.

Notes
Turn   | Place    | Note
-------+----------+-------------------------------------------
     0 | D:1      | kae the Draconian Transmuter began the quest for the Orb.
     0 | D:1      | Reached XP level 1. HP: 16/16 MP: 3/3
   100 | D:1      | Reached XP level 2. HP: 14/23 MP: 1/5
   542 | D:1      | Reached XP level 3. HP: 28/28 MP: 4/6
   546 | D:1      | Learned a level 2 spell: Sticks to Snakes
   550 | D:1      | Learned a level 3 spell: Spider Form
  1156 | D:2      | Reached skill level 4 in Unarmed Combat
  1313 | D:2      | Reached XP level 4. HP: 35/35 MP: 7/7
  2592 | D:3      | Found a blossoming altar of Fedhas.
  2606 | D:3      | Reached XP level 5. HP: 39/40 MP: 7/9
  2649 | D:3      | Noticed an ogre
  2660 | D:3      | Killed an ogre
  2660 | D:3      | Reached skill level 5 in Unarmed Combat
  2831 | D:3      | Noticed an ice beast
  2834 | D:3      | Found a sacrificial altar of Ru.
  2844 | D:3      | Killed an ice beast
  2844 | D:3      | Reached XP level 6. HP: 22/47 MP: 7/11
  2881 | D:3      | Slain by an orc

Levels and vault maps discovered:
D:1:      scummos_arrival_simple_crosswalls, layout_basic
D:2:      layout_basic
D:3:      layout_basic, lemuel_crystal_altar, hangedman_ru_absence

Skill      XL: |  1  2  3  4  5 |
---------------+----------------+-----
Unarmed Combat | 4 5 |  5.4
Transmutations | 3 |  3.7
Spellcasting   | 3 |  3.4
Fighting       | |  1.1
Dodging        | |  1.7

Action                   |  1- 3 |  4- 6 || total
-------------------------+-------+-------++-------
Melee: Unarmed           |    80 |    10 ||    90
       Tailslap          |     5 |    17 ||    22
       Kick              |     4 |     9 ||    13
       Headbutt          |     4 |     7 ||    11
       Spear             |    28 |   135 ||   163
       Punch             |       |     5 ||     5
 Cast: Beastly Appendage |    19 |    23 ||    42
       Spider Form       |       |     1 ||     1
  Use: Scroll            |     2 |     1 ||     3
       Potion            |       |     3 ||     3
 Stab: Sleeping          |     1 |     2 ||     3
       Distracted        |       |     1 ||     1
  Eat: Chunk             |     2 |     5 ||     7
Armor: Skin              |    29 |    37 ||    66
Dodge: Dodged            |    78 |   108 ||   186
Block: Other             |       |     8 ||     8

Table legend:
 A = Non-vault XP
 B = Vault XP
 C = Vault XP percentage of total XP
 D = Non-vault monster count
 E = Vault monster count
 F = Vault count percentage of total count
                 A         B        C        D         E       F
            +---------+---------+-------+---------+---------+-------
      Total |     467 |       0 |   0.0 |      71 |       0 |   0.0
            +---------+---------+-------+---------+---------+-------
        D:1 |      45 |       0 |   0.0 |      26 |       0 |   0.0
        D:2 |     117 |       0 |   0.0 |      25 |       0 |   0.0
        D:3 |     305 |       0 |   0.0 |      20 |       0 |   0.0
            +---------+---------+-------+---------+---------+-------
